[Event "IV Elllobregat Open Chess Tmnt"]
[Site "Sant Boi de Llobregat, Spain"]
[Date "2023.12.01"]
[Round "2.55"]
[White "Escobar Forero, Alder"]
[Black "Rakshitta, Ravi"]
[Result "1-0"]
[TimeControl "90min/40moves + 15min/end + 30sec from move 1"]
[WhiteFideId "4400801"]
[BlackFideId "25073230"]
[WhiteElo "2450"]
[BlackElo "2245"]

1. d4 Nf6 2. g3 d5 3. Nf3 e6 4. Bg2 b5 5. O-O Be7 6. Nbd2 O-O 7. a4 b4 8. Nb3 Nbd7 9. Na5 Bd6 10. Nc6 Qe8 11. a5 Ba6 12. Bf4 Bxf4 13. gxf4 Nh5 14. Nxb4 Bb5 15. Qd2 c5 16. dxc5 Nxc5 17. Nd4 Qb8 18. f5 Nf4 19. Bf3 Ne4 20. Bxe4 dxe4 21. Nxb5 Nh3+ 22. Kg2 Qxb5 23. Kxh3 Rfd8 24. Qe1 Rab8 25. c3 exf5 26. Kg2 Rd6 27. Rd1 Rh6 28. Rd5 Qb7 29.
f4 exf3+ 30. exf3 Re6 31. Qd2 Qe7 32. Kh1 Re8 33. Rd7 Qh4 34. Rd4 Qh3 35. Qg2 Qh5 36. Nd5 Rg6 37. Ne7+ 1-0

[ePGN "0.1;DGT LiveChess/2.2.6"]

[Event "IV Elllobregat Open Chess Tmnt"]
[Site "Sant Boi de Llobregat, Spain"]
[Date "2023.12.02"]
[Round "3.1"]
[White "Erdogmus, Yagiz Kaan"]
[Black "Fedoseev, Vladimir"]
[Result "1/2-1/2"]
[TimeControl "90min/40moves + 15min/end + 30sec from move 1"]
[WhiteFideId "44599790"]
[BlackFideId "24130737"]
[WhiteElo "2496"]
[BlackElo "2675"]

1. e4 e5 2. Nf3 Nc6 3. Bb5 Nf6 4. O-O Nxe4 5. Re1 Nd6 6. Nxe5 Be7 7. Bf1 Nf5 8. c3 Nxe5 9. Rxe5 d6 10.
Re1 c5 11. d3 O-O 12. Nd2 d5 13. Nf3 Be6 14. g3 h6 15. Bg2 Bd6 16. Qc2 Rc8 17. b3 b5 18. a4 a6 19. axb5 axb5 20.
Ra6 Ra8 21. Rxa8 Qxa8 22. Bb2 Qb8 23. Ra1 Re8 24. Bc1 Ne7 25. Be3 Bf5 26. Qd1 Qc8 27. Qd2 Rd8 28. Bf4 Bxf4 29. Qxf4 Bxd3 30. Ne5 Bf5 31. Ra7 Ng6 32. Nxg6 Bxg6 33.
h4 c4 34. bxc4 dxc4 35. Qe5 Qf5 36. Qxf5 Bxf5 37. Rb7 Bd7 38. Kf1 Kf8 39. Be4 Bh3+ 40. Ke2 Re8 41. Kf3 Re5 42. Bc6 Be6 43.
Rxb5 Re1 44. Ra5 Ke7 45. Kf4 Re2 46. Kf3 Re1 47. Kf4 Kf6 48. g4 g6 49. g5+ Kg7 50. Re5 Rd1 51. gxh6+ Kxh6 52.
h5 Rd6 53. Bb5 gxh5 54. Re4 Rd2 55. Bxc4 Rxf2+ 56. Kg3 Rf6 57. Bxe6 Rxe6 58. Rc4 Kg5 59. Rc8 h4+ 60. Kf3 Rh6 61.
Kg2 Kf4 62. Kh3 f5 63. c4 Rd6 64. c5 Rd1 65. Ra8 Rh1+ 66. Kg2 Rc1 67. Kh3 Rxc5 68. Kxh4 Re5 69. Ra3 Re4 70. Rb3 Re5 71.
Ra3 Rd5 72. Kh3 Rd2 73. Ra4+ Kf3 74. Ra3+ Kf2 75. Kh4 Rd4+ 76. Kh3 Re4 77. Ra2+ Re2 78. Ra4 Re3+ 79. Kh2 Re4 80. Ra2+ Re2 81. Ra4 Kf3+ 82. Kh3 f4 83.
Ra3+ Re3 84. Ra2 Rd3 85. Kh2 Rd1 86. Rb2 Re1 87. Rb3+ Kf2 88. Rb2+ Kf1 89. Rb3 Re2+ 90. Kh1 Re3 91. Rb1+ Kf2 92. Kh2 Re1 93.
Rb2+ Re2 94. Rb1 Ra2 95. Rc1 Ra7 96. Rc2+ Ke3 97. Rc3+ Ke2 98. Rc2+ Ke3 99. Rc3+ Kd4 100. Rb3 Rg7 101.
Rb4+ Ke3 102. Rb3+ Ke2 103. Rb2+ Ke1 104. Rb1+ Kd2 105. Rb2+ Kd3 106. Rb3+ Kd4 107. Rb4+ Ke5 108. Rb5+ Kf6 109.
Rb6+ Kf5 110. Rb5+ Kg4 111. Kg2 Re7 112. Rb2 Re3 113. Ra2 Rh3 114. Ra4 Rh8 115. Ra3 f3+ 116. Rxf3 Rh2+ 117. Kxh2 Kxf3 1/2-1/2

[Event "IV Elllobregat Open Chess Tmnt"]
[Site "Sant Boi de Llobregat, Spain"]
[Date "2023.12.02"]
[Round "3.2"]
[White "Alekseenko, Kirill"]
[Black "Raja, Rithvik R"]
[Result "1/2-1/2"]
[TimeControl "90min/40moves + 15min/end + 30sec from move 1"]
[WhiteFideId "4135539"]
[BlackFideId "35007394"]
[WhiteElo "2670"]
[BlackElo "2495"]

1. Nf3 d5 2. d4 Nf6 3. e3 e6 4. Bd3 Bd6 5. Nbd2 O-O 6. e4 dxe4 7. Nxe4 Nxe4 8. Bxe4 Nd7 9. Qe2 c5 10.
Bg5 Be7 11. Bxe7 Qxe7 12. O-O-O Nf6 13. Rhe1 Bd7 14. Bxb7 Rab8 15. Be4 Rb6 16. Ne5 Rfb8 17. Nxd7 Nxd7 18. b3 cxd4 19. Rxd4 Qa3+ 20.
Kb1 Nc5 21. Qd2 g6 22. Rd8+ Rxd8 23. Qxd8+ Kg7 24. Qd4+ f6 25. f3 e5 26. Qb2 Qa5 27. Rd1 Na4 28. Rd7+ Kh8 29. Qc1 Nc3+ 30.
Kb2 Na4+ 31. Ka1 Nc3 32. Kb2 Na4+ 33. Ka1 Nc3 34. a4 Qb4 35. Rc7 Ra6 36. Rxc3 Qxc3+ 37. Qb2 Qd2 38. Qa3 Rd6 39.
Ka2 Kg7 40. Qc5 a5 41. g4 Rd7 42. h4 Qb4 43. Qb5 Rc7 44. Qd5 Qc5 45. Qd8 Qb6 46. Qd2 Qa7 47. h5 Rd7 48. h6+ Kf7 49.
Qc3 Qc7 50. Qe3 Qa7 51. Qe2 Qc5 52. Qb5 Rc7 53. Qa6 Ke7 54. Bd3 Ra7 55. Qb5 Qxb5 56. axb5 Kd6 57. Ka3 Kc5 58. Ka4 Rf7 59.
Bc4 Rf8 60. Bd3 f5 61. gxf5 gxf5 62. c3 Kb6 63. b4 axb4 64. Kxb4 e4 65. Be2 Rd8 66. fxe4 Rd2 67. Bf3 Rf2 68.
Bh5 fxe4 69. c4 Rb2+ 70. Kc3 Rh2 71. Bg4 Kc5 72. Bf5 Rh4 73. Bxh7 Rh3+ 74. Kc2 Kd4 75. c5 Rxh6 76. c6 Rxh7 77.
b6 Rh2+ 78. Kb3 Rh3+ 79. Ka4 e3 80. c7 Rh8 81. b7 1/2-1/2

[Event "IV Elllobregat Open Chess Tmnt"]
[Site "Sant Boi de Llobregat, Spain"]
[Date "2023.12.02"]
[Round "3.3"]
[White "Koellner, Ruben Gideon"]
[Black "Narayanan, SL"]
[Result "0-1"]
[TimeControl "90min/40moves + 15min/end + 30sec from move 1"]
[WhiteFideId "12993093"]
[BlackFideId "5058422"]
[WhiteElo "2488"]
[BlackElo "2668"]

1. d4 Nf6 2. Nf3 d5 3. Bf4 c5 4. e3 Nc6 5. Nbd2 e6 6. c3 cxd4 7. exd4 Nh5 8. Be3 Bd6 9. Ne5 Nf6 10. f4 Qb6 11. Qb3 Ng8 12.
Qxb6 axb6 13. a3 f6 14. Nd3 Nge7 15. g3 Bd7 16. Bh3 Na5 17. Nb4 b5 18. O-O Nc4 19. Nxc4 bxc4 20. Rae1 Kf7 21.
Rf2 Bxb4 22. axb4 h5 23. Rfe2 f5 24. Bg2 Ra2 25. Bf3 Ng8 26. h3 Nf6 27. Bc1 Ra1 28. Kf2 Rha8 29. Be3 Rxe1 30.
Rxe1 Ra2 31. Bc1 Ba4 32. Ke3 Bc2 33. Rg1 Ra1 34. Kd2 Be4 35. Bd1 Ra8 36. h4 Ra1 37. Be2 Ke7 38. Bd1 Bd3 39.
Bf3 g6 40. Ke3 Kd6 41. Kd2 Be4 42. Bd1 Bb1 43. Bf3 Ba2 44. Re1 Bb3 45. Ke3 Nd7 46. Kd2 Nb6 47. Bd1 Na4 48. Bc2 Nb6 49.
Bd1 Kd7 50. Bc2 Nc8 51. Bd1 Nd6 52. Bc2 Ke7 53. Rg1 Kf6 54. Re1 Nb5 55. Re3 Nd6 56. Re1 Ne4+ 57. Bxe4 fxe4 58. Ke2 Kf5 59.
Kf2 Rb1 60. Rg1 Bc2 61. Ke3 Bd3 62. Kf2 Kg4 63. Ke3 Ra1 64. Kf2 Ra8 65. Be3 Kf5 66. Bc1 Ra2 67. Re1 Kf6 68. Rg1 Ke7 69.
Ke3 Ra1 70. Re1 Kd7 71. Bd2 Ra2 72. Bc1 Kc6 73. Kd2 Kb5 74. Rg1 Ra1 75. Re1 Ka4 76. Rg1 Kb3 77. Re1 Ra2 78. Kd1 Ra1 79.
Kd2 Ra8 80. Kd1 Bc2+ 81. Ke2 Rd8 82. Ke3 Bd3 83. Kd2 Rf8 84. Kd1 Rf7 85. Rg1 e3 86. Bxe3 Kxb2 87. Bd2 Rf8 88. Be1 Ra8 89.
Kd2 Kb3 90. Ke3 Ra1 91. b5 Bf5 92. b6 Ra6 93. Bd2 Rxb6 94. Rc1 Ra6 95. Kf2 b5 96. Ke3 Kb2 97. Kf2 Ra3 98. Ke2 Bc2 99.
Kf2 Rxc3 100. Bxc3+ Kxc3 0-1

[Event "IV Elllobregat Open Chess Tmnt"]
[Site "Sant Boi de Llobregat, Spain"]
[Date "2023.12.02"]
[Round "3.4"]
[White "Pichot, Alan"]
[Black "Velten, Paul"]
[Result "1-0"]
[TimeControl "90min/40moves + 15min/end + 30sec from move 1"]
[WhiteFideId "110973"]
[BlackFideId "681091"]
[WhiteElo "2650"]
[BlackElo "2489"]

1. e4 e6 2. d4 d5 3. Nc3 Nf6 4. e5 Ng8 5. f4 c5 6. Nf3 Nc6 7. Be3 cxd4 8. Nxd4 Nxd4 9. Bxd4 Ne7 10.
Bd3 Nc6 11. Bf2 Qa5 12. O-O Bc5 13. Nb5 Be7 14. c3 O-O 15. Qh5 g6 16. Qh6 f5 17. Bh4 Qb6+ 18. Bf2 Qd8 19. Kh1 a6 20.
Nd4 Nxd4 21. Bxd4 Bd7 22. a4 Rf7 23. Qh3 a5 24. g4 fxg4 25. Qxg4 Qf8 26. Rf3 Qh6 27. Rg1 Qf8 28. Rh3 Rg7 29. Bb5 Qe8 30. Rf3 Bf8 31. Bd3 Bxa4 32. h4 Rc8 33. Rfg3 Rcc7 34.
Qh3 Kh8 35. h5 gxh5 36. f5 Rxg3 37. Rxg3 Bd1 38. f6 Bg4 39. Qh4 b5 40. Qg5 b4 41. cxb4 axb4 42. Rg1 b3 43. Kh2 Qa4 44.
Qf4 Kg8 45. Bf5 exf5 46. e6 Rc2+ 47. Kh1 h6 48. Rxg4+ 1-0

[Event "IV Elllobregat Open Chess Tmnt"]
[Site "Sant Boi de Llobregat, Spain"]
[Date "2023.12.02"]
[Round "3.5"]
[White "Gines Esteo, Pedro Antonio"]
[Black "Aravindh, Chithambaram Vr."]
[Result "0-1"]
[TimeControl "90min/40moves + 15min/end + 30sec from move 1"]
[WhiteFideId "32080190"]
[BlackFideId "5072786"]
[WhiteElo "2471"]
[BlackElo "2638"]

1. d4 d5 2. c4 dxc4 3. Nf3 a6 4. e3 Bg4 5. Bxc4 e6 6. h3 Bh5 7. g4 Bg6 8. Ne5 Be4 9. f3 Bd5 10.
Bxd5 exd5 11. Qb3 Nc6 12. Nc3 Nxe5 13. dxe5 Qh4+ 14. Kf1 O-O-O 15. Kg2 Ne7 16. e4 d4 17. Nd5 Nxd5 18. exd5 f6 19.
Bf4 fxe5 20. Bxe5 Bd6 21. Bxd6 Rxd6 22. Qc4 Qd8 23. Rad1 Rxd5 24. Rhe1 Qd6 25. Re4 d3 26. Rd2 Rd8 27.
h4 Kb8 28. Qc3 Rd7 29. b4 Re7 30. Qc4 Rxe4 31. Qxe4 g6 32. Qe8+ Ka7 33. Qe3+ b6 34. a3 Rd4 35. Qh6 Qe7 36.
Kf2 Rd7 37. Qg5 Qd6 38. h5 gxh5 39. gxh5 Qd4+ 40. Qe3 Qh4+ 41. Kf1 Re7 0-1

[Event "IV Elllobregat Open Chess Tmnt"]
[Site "Sant Boi de Llobregat, Spain"]
[Date "2023.12.02"]
[Round "3.6"]
[White "Vaishali, Rameshbabu"]
[Black "Ter-Sahakyan, Samvel"]
[Result "0-1"]
[TimeControl "90min/40moves + 15min/end + 30sec from move 1"]
[WhiteFideId "5091756"]
[BlackFideId "13302531"]
[WhiteElo "2467"]
[BlackElo "2618"]

1. e4 c5 2. Nf3 d6 3. d4 cxd4 4. Nxd4 Nf6 5. Nc3 a6 6. Be2 e5 7. Nb3 Be7 8. O-O O-O 9. Be3 Be6 10.
Re1 Nc6 11. f3 b5 12. a4 bxa4 13. Rxa4 Qb8 14. Nd5 Bd8 15. Bc4 a5 16. Nxf6+ Bxf6 17. Bxe6 fxe6 18. Qe2 Rc8 19. Rea1 h6 20.
Qd1 Be7 21. Bf2 Qb7 22. h4 Rab8 23. Kh2 Kh8 24. Kh3 Qd7 25. Kh2 Bd8 26. Nc5 Qe7 27. Nd3 Bb6 28. Qf1 Nb4 29. Bxb6 Rxb6 30.
Qf2 Rxc2 31. Qxb6 Qxh4+ 32. Kg1 Nxd3 0-1

[Event "IV Elllobregat Open Chess Tmnt"]
[Site "Sant Boi de Llobregat, Spain"]
[Date "2023.12.02"]
[Round "3.7"]
[White "Stoyanov, Tsvetan"]
[Black "Sethuraman, S.P."]
[Result "1/2-1/2"]
[TimeControl "90min/40moves + 15min/end + 30sec from move 1"]
[WhiteFideId "2917173"]
[BlackFideId "5021596"]
[WhiteElo "2458"]
[BlackElo "2603"]

1. Nf3 Nf6 2. c4 e6 3. e3 d5 4. Nc3 Bd6 5. b3 O-O 6. Bb2 Re8 7. d4 b6 8. Be2 Bb7 9. O-O Nbd7 10.
a4 c5 11. cxd5 Nxd5 12. Nxd5 Bxd5 13. Rc1 Qb8 14. Bc4 Qb7 15. Bxd5 exd5 16. Qd3 Rad8 17. Rfd1 Be7 18. dxc5 Nxc5 19.
Qc3 Ne6 1/2-1/2

[Event "IV Elllobregat Open Chess Tmnt"]
[Site "Sant Boi de Llobregat, Spain"]
[Date "2023.12.02"]
[Round "3.8"]
[White "Yuffa, Daniil"]
[Black "Fernandez Guillen, Ernesto J."]
[Result "1-0"]
[TimeControl "90min/40moves + 15min/end + 30sec from move 1"]
[WhiteFideId "24131423"]
[BlackFideId "3512428"]
[WhiteElo "2600"]
[BlackElo "2462"]

1. Nf3 Nf6 2. c4 b6 3. d4 e6 4. g3 Bb7 5. Bg2 Bb4+ 6. Bd2 Qe7 7. O-O O-O 8. Bg5 h6 9. Bxf6 Qxf6 10.
a3 Be7 11. Nc3 d6 12. e4 Rd8 13. d5 e5 14. Bh3 h5 15. b4 Nd7 16. Kg2 Nf8 17. Rc1 a6 18. Na4 Ng6 19. Qd2 b5 20.
Nc3 bxc4 21. Qe2 c6 22. Qxc4 cxd5 23. Nxd5 Bxd5 24. Qxd5 Bf8 25. Rc7 Ne7 26. Qc4 g5 27. Bd7 a5 28.
h4 g4 29. Ng5 axb4 30. axb4 d5 31. exd5 Qd6 32. Qc2 Qxd5+ 33. Kh2 e4 34. Nxe4 Bg7 35. Rd1 Ra2 36. Qb1 Qa8 37. Qb3 Re2 38.
Bc6 Rxd1 39. Bxa8 Ree1 40. Ng5 1-0

[Event "IV Elllobregat Open Chess Tmnt"]
[Site "Sant Boi de Llobregat, Spain"]
[Date "2023.12.02"]
[Round "3.9"]
[White "Kozak, Adam"]
[Black "Saydaliev, Saidakbar"]
[Result "1-0"]
[TimeControl "90min/40moves + 15min/end + 30sec from move 1"]
[WhiteFideId "753246"]
[BlackFideId "14203693"]
[WhiteElo "2578"]
[BlackElo "2426"]

1. d4 Nf6 2. c4 g6 3. Nc3 Bg7 4. e4 d6 5. Nf3 O-O 6. Be2 e5 7. O-O h6 8. Re1 Nbd7 9. Bf1 Re8 10.
Rb1 a5 11. b3 exd4 12. Nxd4 Nc5 13. f3 c6 14. Be3 Be6 15. Qd2 Kh7 16. Rbd1 Qc7 17. Nxe6 Rxe6 18. Ne2 Bf8 19. Bd4 Nfd7 20.
Ng3 h5 21. Ne2 Ree8 22. Nc3 Ne6 23. Bf2 Ndc5 24. f4 Rad8 25. g3 Bg7 26. Bh3 Nf8 27. Bg2 Qb6 28. Na4 Qc7 29. Nc3 Qb6 30.
Na4 Qc7 31. Nb2 Nce6 32. Nd3 Nd4 33. Nb2 c5 34. Na4 Nfe6 35. Nc3 Ra8 36. Nd5 Qd8 37. Qd3 Nc7 38. Nc3 Qd7 39. Kh1 Rad8 40. Ne2 Nxe2 41. Rxe2 Qc8 42.
f5 Na6 43. Qf3 Be5 44. fxg6+ fxg6 45. Qf7+ Bg7 46. e5 Rd7 47. Qd5 Nb4 48. Qd2 Rxe5 49. Rxe5 Bxe5 50. a3 Na6 51. Qxa5 Rf7 52.
Qd2 Qg4 53. Re1 Nb8 54. Bd5 Re7 55. Kg2 Nc6 56. h3 Qd7 57. Qd3 Kg7 58. Qf3 Re8 59. Be3 Rf8 60. Bh6+ Kxh6 61. Qxf8+ Bg7 62.
Qf7 Qc8 63. Re8 1-0

[Event "IV Elllobregat Open Chess Tmnt"]
[Site "Sant Boi de Llobregat, Spain"]
[Date "2023.12.02"]
[Round "3.10"]
[White "Koelle, Tobias"]
[Black "Aditya, Mittal"]
[Result "1/2-1/2"]
[TimeControl "90min/40moves + 15min/end + 30sec from move 1"]
[WhiteFideId "16207378"]
[BlackFideId "35042025"]
[WhiteElo "2453"]
[BlackElo "2577"]

1. d4 Nf6 2. c4 e6 3. Nf3 b6 4. g3 Ba6 5. Qc2 c5 6. d5 exd5 7. cxd5 Bb7 8. Bg2 Nxd5 9. O-O Be7 10.
Rd1 Nc6 11. Qa4 Nf6 12. Nh4 O-O 13. Nf5 d5 14. Nc3 Nb4 15. a3 a5 16. Nxd5 Nbxd5 17. e4 Qc8 18. Qc2 Re8 19. exd5 Bf8 20.
Bg5 Nd7 21. Re1 Ne5 22. Bf4 Ng6 23. Bd6 Qd7 24. Bxf8 Kxf8 25. Ne3 Ba6 26. b4 Rac8 27. bxa5 bxa5 28. Rab1 Bb5 29. Qc3 a4 30.
Red1 Ne5 31. Rd2 Kg8 32. d6 Bc6 33. Nc4 Qf5 34. Rbd1 Bxg2 35. Nxe5 Rxe5 36. Kxg2 Rd8 37. d7 Kf8 38.
Qa5 Ke7 39. Qc7 f6 40. Qd6+ Kf7 41. Qc7 Ke7 42. Qd6+ Kf7 43. Qb6 Ke7 44. Qd6+ 1/2-1/2

[Event "IV Elllobregat Open Chess Tmnt"]
[Site "Sant Boi de Llobregat, Spain"]
[Date "2023.12.02"]
[Round "3.11"]
[White "Rozen, Eytan"]
[Black "Asadli, Vugar"]
[Result "1/2-1/2"]
[TimeControl "90min/40moves + 15min/end + 30sec from move 1"]
[WhiteFideId "2816750"]
[BlackFideId "13405764"]
[WhiteElo "2451"]
[BlackElo "2562"]

1. e4 e5 2. Nf3 Nc6 3. Bb5 Nge7 4. Nc3 Ng6 5. d3 a6 6. Bc4 Na5 7. O-O d6 8. a4 Nxc4 9. dxc4 Be7 10.
Nd5 O-O 11. Ne3 Qe8 12. b3 Qc6 13. Re1 Bd8 14. Nf5 Bf6 15. Ng3 Nf4 16. Nd4 Qb6 17. Nde2 Qc6 18. Nd4 Qe8 19. Nde2 Nxe2+ 20. Qxe2 g6 21. Bh6 Bg7 22. Bxg7 Kxg7 23. Rad1 a5 24. Qd2 b6 25. Nh5+ gxh5 1/2-1/2

[Event "IV Elllobregat Open Chess Tmnt"]
[Site "Sant Boi de Llobregat, Spain"]
[Date "2023.12.02"]
[Round "3.12"]
[White "Agmanov, Zhandos"]
[Black "Muradli, Mahammad"]
[Result "1-0"]
[TimeControl "90min/40moves + 15min/end + 30sec from move 1"]
[WhiteFideId "13708309"]
[BlackFideId "13409301"]
[WhiteElo "2448"]
[BlackElo "2550"]

1. e4 c5 2. Nf3 d6 3. d4 cxd4 4.
Nxd4 Nf6 5. Nc3 a6 6. Be3 e5 7. Nb3 Be6 8. h3 Be7 9. Qf3 b5 10. g4 b4 11. Nd5 Nxd5 12. exd5 Bc8 13.
a3 bxa3 14. Rxa3 O-O 15. Bd3 f5 16. gxf5 g6 17. Rg1 Kh8 18.
Bh6 Rf7 19. Nc5 dxc5 20. d6 Bxd6 21. Qd5 Raa7 22. fxg6 Rg7 23. Be4 c4 24. Ke2 Qh4 25. Bxg7+ Rxg7 26. Re3 Qe7 27. Rd1 Bc7 28. gxh7 Be6 29. Qb7 Qh4 30. Rf3 Qe7 31.
Qxc7 Qxc7 32. Rf8+ Bg8 33. Rdd8 1-0

[Event "IV Elllobregat Open Chess Tmnt"]
[Site "Sant Boi de Llobregat, Spain"]
[Date "2023.12.02"]
[Round "3.13"]
[White "Gholami Orimi, Mahdi"]
[Black "Pranesh, M"]
[Result "1-0"]
[TimeControl "90min/40moves + 15min/end + 30sec from move 1"]
[WhiteFideId "12558486"]
[BlackFideId "35028600"]
[WhiteElo "2442"]
[BlackElo "2519"]

1. c4 e6 2. Nf3 d5 3. e3 c5 4. cxd5 exd5 5. d4 Nc6 6. Nc3 Nf6 7. Bb5 a6 8. Bxc6+ bxc6 9. O-O Bd6 10.
dxc5 Bxc5 11. b3 O-O 12. Bb2 Bg4 13. Rc1 Bd6 14. Ne2 c5 15. Ng3 Be6 16. Be5 Bxe5 17. Nxe5 Qd6 18. Nd3 Rfc8 19.
Rc2 a5 20. Qc1 Nd7 21. Rd1 a4 22. b4 c4 23. a3 h5 24. Nf4 h4 25. Ne4 Qe5 26. Nc3 Nf6 27. Qb2 Bg4 28. Rd4 Bf5 29. Rcd2 h3 30. Nfxd5 Ne4 31.
Nb6 Nxd2 32. Qxd2 Bd3 33. Nxc8 Rxc8 34. Qd1 Rc6 35. Qf3 Rh6 36. Qf4 Qe6 37. Qb8+ Kh7 38. Rd8 hxg2 39. Rh8+ Kg6 40. Qg3+ Kh5 41. Qf3+ Kg6 42.
Qxg2+ Kh5 43. Qd5+ Kg4 44. f3+ Kh4 45. Qxe6 fxe6 46. Rxh6+ gxh6 47. e4 Kg5 48. b5 1-0

[Event "IV Elllobregat Open Chess Tmnt"]
[Site "Sant Boi de Llobregat, Spain"]
[Date "2023.12.02"]
[Round "3.14"]
[White "Levin, Guy"]
[Black "Prraneeth, Vuppala"]
[Result "1-0"]
[TimeControl "90min/40moves + 15min/end + 30sec from move 1"]
[WhiteFideId "2824213"]
[BlackFideId "46622373"]
[WhiteElo "2404"]
[BlackElo "2512"]

1. Nf3 d5 2. e3 Nd7 3. c4 e6 4. Nc3 Ngf6 5. b3 a6 6. Bb2 Bd6 7. Qc2 O-O 8. Rg1 dxc4 9. bxc4 b5 10.
cxb5 axb5 11. Bxb5 Bb7 12. Ke2 Qe7 13. a4 e5 14. d3 c6 15. Bc4 Nb6 16. Nd2 Rfd8 17. g4 Nxc4 18. Nxc4 Qe6 19.
g5 Nd7 20. Ne4 Be7 21. Ba3 Ba6 22. Bxe7 Qxe7 23. Ncd6 Rab8 24. Qa2 Rb4 25. Nf5 Qf8 26. Ned6 g6 27. Nxf7 Rdb8 28. Nxe5+ Kh8 29. Nf7+ Kg8 30. N5h6+ Kg7 31. Rab1 Bxd3+ 32. Kxd3 Rxa4 33. Qc2 Nc5+ 34. Ke2 1-0

[Event "IV Elllobregat Open Chess Tmnt"]
[Site "Sant Boi de Llobregat, Spain"]
[Date "2023.12.02"]
[Round "3.15"]
[White "Ioannidis, Evgenios"]
[Black "Rakhmatullaev, Almas"]
[Result "1-0"]
[TimeControl "90min/40moves + 15min/end + 30sec from move 1"]
[WhiteFideId "4229274"]
[BlackFideId "14205793"]
[WhiteElo "2502"]
[BlackElo "2383"]

1. d4 d5 2. c4 e6 3. Nf3 a6 4. Bg5 Be7 5. Bxe7 Qxe7 6. Nbd2 Nf6 7. g3 O-O 8. Rc1 b6 9. cxd5 exd5 10.
Bg2 Be6 11. O-O c5 12. Ng5 Nbd7 13. e4 Nxe4 14. Nxe6 Qxe6 15. Re1 Qf6 16. Nxe4 dxe4 17. Rxe4 Rad8 18. Rf4 Qh6 19. Qc2 cxd4 20.
Rxd4 Nf6 21. Rcd1 Rxd4 22. Rxd4 Re8 23. Bc6 Rf8 24. Bb7 Qh3 25. Bxa6 Ng4 26. f3 Ne5 27. Qe4 Qe6 28. Rd5 b5 29.
Bxb5 Qb6+ 30. Kg2 Ng6 31. a4 Rc8 32. b4 h6 33. Bd3 Nf8 34. a5 Qf6 35. Qe5 1-0

[Event "IV Elllobregat Open Chess Tmnt"]
[Site "Sant Boi de Llobregat, Spain"]
[Date "2023.12.02"]
[Round "3.16"]
[White "Bakhrillaev, Bakhrom"]
[Black "Abdisalimov, Abdimalik"]
[Result "0-1"]
[TimeControl "90min/40moves + 15min/end + 30sec from move 1"]
[WhiteFideId "14212285"]
[BlackFideId "14206323"]
[WhiteElo "2332"]
[BlackElo "2496"]

1. d4 Nf6 2. c4 e6 3. Nc3 Bb4 4. e3 O-O 5. Bd3 d5 6. Nf3 dxc4 7. Bxc4 c5 8. O-O Nc6 9. a3 Bxc3 10.
bxc3 Qc7 11. Bb2 e5 12. h3 Bf5 13. Qe2 Rad8 14. Rfd1 e4 15. Nd2 Bg6 16. Rdc1 Ne7 17. a4 Nf5 18.
Ba3 b6 19. Nb3 Bh5 20. g4 Nh4 21. gxh5 Nf3+ 22. Kf1 Qh2 23. Qb2 Qxh3+ 24. Ke2 Qxh5 25. Nd2 Nxd4+ 26. Ke1 Qh1+ 27. Bf1 Nc6 28.
Qb5 Ne5 29. Kd1 Nf3 30. Ra2 Rd3 31. Ke2 Rfd8 32. Nxe4 Nxe4 33. Qxd3 Rxd3 34. Kxd3 Ne5+ 35. Kc2 Nxf2 36. Kb1 Qe4+ 37.
Ka1 Nfd3 38. Rd1 c4 39. a5 h6 40. a6 Ng4 41. Bd6 Nxe3 42. Rb1 Qf5 43. Bb8 Qf6 44. Ra3 Nc2+ 45. Ka2 Nxa3 0-1

[Event "IV Elllobregat Open Chess Tmnt"]
[Site "Sant Boi de Llobregat, Spain"]
[Date "2023.12.02"]
[Round "3.17"]
[White "Siddharth, Jagadeesh"]
[Black "Vallejo Pons, Francisco"]
[Result "1/2-1/2"]
[TimeControl "90min/40moves + 15min/end + 30sec from move 1"]
[WhiteFideId "5818320"]
[BlackFideId "2205530"]
[WhiteElo "2438"]
[BlackElo "2668"]

1. e4 e6 2. d4 d5 3. e5 c5 4. c3 Nc6 5. Nf3 Qc7 6. Bd3 cxd4 7. cxd4 Nb4 8. Bb5+ Bd7 9. Bxd7+ Kxd7 10. Na3 Rc8 11. O-O Nc2 12. Rb1 Qc6 13. Qd3 Qa6 14. Qb3 Nxa3 15. bxa3 b6 16. Bd2 Nh6 17. a4 Be7 18. a5 Rc6 19. Bxh6 gxh6 20. axb6 Rxb6 21. Qe3 h5 22. h3 Rc8 23. Qh6 Rxb1 24. Rxb1 Qxa2 25. Rb7+ Rc7 26. Rxc7+ Kxc7 27. Qxh7 a5 28. Qxf7 Kd7 29. Nh4 Qb1+ 30. Kh2 Qb8 31. Ng6 Qe8 32. Qh7 1/2-1/2

[Event "IV Elllobregat Open Chess Tmnt"]
[Site "Sant Boi de Llobregat, Spain"]
[Date "2023.12.02"]
[Round "3.18"]
[White "Puranik, Abhimanyu"]
[Black "Bronstein, Or"]
[Result "1/2-1/2"]
[TimeControl "90min/40moves + 15min/end + 30sec from move 1"]
[WhiteFideId "5061245"]
[BlackFideId "2815770"]
[WhiteElo "2627"]
[BlackElo "2428"]

1. d4 Nf6 2. c4 e6 3. Nf3 d5 4. Qc2 c5 5. dxc5 Nc6 6. cxd5 exd5 7. e3 Qa5+ 8. Bd2 Qxc5 9. Nc3 Be7 10.
Rc1 O-O 11. Qa4 Qb6 12. Bd3 Qxb2 13. O-O Qa3 14. Qxa3 Bxa3 15. Rb1 Rd8 16. Nb5 Be7 17. Nbd4 Ne4 18. Nxc6 bxc6 19. Ba5 Re8 20.
Ne5 Nc5 21. Be2 Bf5 22. Rbc1 Rac8 23. Bb4 f6 24. Bxc5 fxe5 25. Ba6 Rc7 26. Bxe7 Rexe7 27. Rc5 Re8 28. Rfc1 Rb8 29. Bb5 Kf8 30.
f3 Bd7 31. e4 Rcb7 1/2-1/2

[Event "IV Elllobregat Open Chess Tmnt"]
[Site "Sant Boi de Llobregat, Spain"]
[Date "2023.12.02"]
[Round "3.19"]
[White "Stribuk, Artiom"]
[Black "Pultinevicius, Paulius"]
[Result "1/2-1/2"]
[TimeControl "90min/40moves + 15min/end + 30sec from move 1"]
[WhiteFideId "13515659"]
[BlackFideId "12809390"]
[WhiteElo "2420"]
[BlackElo "2589"]

1. c4 e6 2. g3 Nf6 3. Bg2 d5 4. Nf3 dxc4 5. Qa4+ Nbd7 6. Qxc4 a6 7. Qc2 c5 8. Nc3 Qc7 9. d4 b5 10.
Bf4 Qa7 11. d5 Nxd5 12. Nxd5 exd5 13. O-O Be7 14. a4 b4 15. Rfd1 Nf6 16. e4 dxe4 17. Ne5 Qb7 18. g4 h6 19.
h4 g5 20. hxg5 hxg5 21. Bxg5 Rg8 22. Bxf6 Bxf6 23. Qxc5 Be6 24. Nc4 Bxc4 25. Qxc4 Rxg4 26. Rd6 Rc8 27. Qe2 Rf4 28. Qe3 Be5 29.
Rd4 Bxd4 30. Qxf4 Rc2 31. Rf1 Rxb2 32. Bxe4 Qb6 33. a5 Qc5 34. Bc6+ Kf8 35. Qb8+ Kg7 36. Qg3+ Kh6 37. Qh4+ Kg6 38.
Be4+ f5 39. Kh1 Bxf2 40. Qg4+ Kf6 41. Qh5 Qe5 1/2-1/2

[Event "IV Elllobregat Open Chess Tmnt"]
[Site "Sant Boi de Llobregat, Spain"]
[Date "2023.12.02"]
[Round "3.20"]
[White "Laurusas, Tomas"]
[Black "Fernandez Borrego, Pablo"]
[Result "1/2-1/2"]
[TimeControl "90min/40moves + 15min/end + 30sec from move 1"]
[WhiteFideId "12803731"]
[BlackFideId "2258285"]
[WhiteElo "2566"]
[BlackElo "2409"]

1. d4 e6 2. c4 d5 3. Nc3 Nf6 4. cxd5 exd5 5. Bg5 Be7 6. e3 c6 7. Bd3 Be6 8. Nge2 Nh5 9. Bxe7 Qxe7 10.
O-O Nd7 11. Qd2 O-O 12. Rae1 f5 13. Kh1 Rae8 14. Bb1 Nb6 15. b3 Nc8 16. f3 Nd6 17. Nf4 Nxf4 18. exf4 Qd8 19. Na4 Bc8 20.
Rd1 Rf6 21. Nb2 Rfe6 22. Rf2 Qf6 23. Kg1 Nb5 24. a4 Nxd4 25. Qxd4 Re1+ 26. Rf1 Rxd1 27. Rxd1 Qxd4+ 28. Rxd4 Re1+ 29.
Kf2 Rxb1 30. Rd2 b6 31. Ke3 Ba6 32. Kd4 Kf7 33. Ke5 Ke7 34. Kxf5 Kd6 35. h4 c5 36. h5 Re1 37. Nc4+ Bxc4 38.
bxc4 d4 39. h6 gxh6 40. Kf6 a6 41.
Rb2 Rc1 42. f5 Rxc4 43. Kg7 d3 44. g3 Rc2 45. f6 Rxb2 46. f7 d2 47. f8=Q+ Kd5 48. Qf7+ Kd4 49. Qf6+ Kd3 50. Qxb2 d1=Q 51.
Qxb6 Qxf3 52. Qxa6+ c4 53. a5 Qxg3+ 54. Kxh6 Qg6+ 1/2-1/2